Map: Redshift LE

Players

Warren - Winner!

  • Race: Zerg Zerg
  • League: Gold
  • Spawn Location: 11:00

Rex

  • Race: Zerg Zerg
  • Spawn Location: 7:00

Event: WCS Austin 2018

VOD

Have the link to the VOD?

Description

Time

  • Played on: June 1, 2018, 5:09 p.m.
  • Length: 8:35

All games in this series

Show
View Real Time Build Order
Export as new Build Order

Warren Zerg - Winner!

Build Orders: Hatch First 

Get SALT Encoding   

  12  0:02  Drone  
  13  0:12  Overlord  
  13  0:18  Drone  
  14  0:31  Drone x2  
  16  0:48  Hatchery  
  15  0:51  Drone  
  15  0:54  Drone  
  17  1:00  Drone  
  18  1:05  Extractor  
  17  1:15  Spawning Pool  
  17  1:16  Drone  
  17  1:21  Drone  
  18  1:28  Drone  
  19  1:39  Drone  
  20  1:51  Overlord  
  20  2:02  Drone x2, Queen x2  
  26  2:11  Metabolic Boost  
  26  2:20  Zergling x2  
  27  2:23  Spine Crawler  
  27  2:24  Zergling x2  
  27  2:25  Drone x2  
  29  2:34  Drone x2  
  31  2:46  Baneling Nest  
  31  2:48  Drone x2  
  32  2:53  Hatchery  
  31  2:59  Overlord  
  31  3:03  Drone  
  31  3:05  Drone x2  
  34  3:15  Overlord  
  34  3:17  Zergling x10  
  39  3:26  Overlord  
  39  3:27  Overlord  
  39  3:32  Baneling  
  39  3:33  Baneling x3  
  39  3:34  Zergling x2  
  39  3:38  Zergling x2  
  39  3:40  Queen  
  42  3:49  Zergling x12  
  43  4:09  Drone x2, Extractor  
  44  4:10  Drone x2, Roach Warren  
  44  4:12  Overlord  
  44  4:35  Zergling x22  
  44  4:36  Baneling  
  44  4:37  Baneling x2  
  53  4:46  Queen  
  48  5:02  Roach x8  
  63  5:17  Zergling x8  
  63  5:18  Zergling x6  
  63  5:20  Baneling  
  63  5:21  Baneling  
  70  5:23  Baneling  
  69  5:39  Drone x8  
  69  5:40  Drone  
  75  5:54  Hatchery  
  75  5:56  Lair  
  74  5:57  Evolution Chamber  
  73  6:11  Roach  
  73  6:13  Drone  
  73  6:14  Overlord x3  
  73  6:15  Extractor  
  74  6:29  Roach  
  74  6:45  Roach  
  74  6:46  Roach x9  
  87  6:49  Drone x3  
  88  6:59  Extractor  
  88  7:01  Drone x2  
  86  7:12  Overlord  
  88  7:18  Roach x3  
  92  7:23  Roach  
  92  7:24  Overlord, Roach  
  92  7:29  Roach x2  
  99  7:38  Roach x4  
  107  7:54  Roach x5  
  107  7:55  Roach x2  
  121  8:16  Overlord x5  
  121  8:17  Drone  
Show
View Real Time Build Order
Export as new Build Order

Rex Zerg 

Build Orders: Hatch First, Zergling Baneling 

Get SALT Encoding   

  12  0:00  Drone  
  13  0:12  Overlord  
  13  0:17  Drone  
  14  0:32  Drone x2  
  16  0:36  Drone  
  17  0:53  Hatchery  
  17  0:54  Drone  
  17  0:57  Drone  
  18  1:04  Extractor  
  17  1:12  Spawning Pool  
  17  1:15  Drone  
  17  1:19  Drone  
  18  1:28  Drone  
  19  1:39  Overlord  
  19  1:51  Drone  
  20  2:04  Queen  
  20  2:06  Queen  
  24  2:09  Metabolic Boost  
  24  2:12  Drone x2  
  26  2:30  Baneling Nest  
  26  2:33  Spine Crawler  
  26  2:34  Zergling x2  
  26  2:35  Zergling x6  
  28  2:38  Zergling x2  
  29  2:44  Zergling x2  
  29  2:49  Overlord  
  30  2:56  Zergling x4  
  33  3:05  Zergling x2  
  33  3:15  Zergling x14  
  40  3:25  Baneling x2  
  40  3:26  Baneling  
  40  3:27  Baneling  
  40  3:29  Hatchery  
  40  3:30  Baneling  
  40  3:31  Baneling  
  39  3:40  Drone x2  
  40  3:48  Baneling  
  39  3:57  Zergling x2  
  39  4:02  Zergling x4  
  39  4:03  Zergling x4  
  39  4:04  Zergling x2  
  39  4:05  Zergling x2  
  39  4:07  Overlord x2  
  39  4:09  Baneling x2  
  42  4:11  Zergling x2  
  42  4:16  Baneling x2  
  43  4:33  Baneling  
  43  4:34  Baneling  
  42  4:45  Zergling x10  
  41  4:46  Zergling x8  
  41  4:49  Zergling x4  
  41  4:51  Zergling x2  
  50  5:00  Zergling x6  
  52  5:11  Drone x2, Baneling x3  
  52  5:12  Drone x4  
  52  5:13  Drone  
  56  5:18  Drone  
  57  5:21  Drone  
  57  5:26  Roach Warren  
  52  5:30  Drone  
  51  5:36  Drone x2  
  51  5:37  Drone  
  51  5:38  Drone x3  
  51  5:40  Drone  
  57  5:43  Extractor  
  56  6:05  Hatchery  
  56  6:11  Drone x2  
  57  6:12  Evolution Chamber  
  57  6:14  Baneling x3  
  57  6:15  Baneling  
  56  6:19  Zergling x2  
  56  6:20  Zergling x6  
  56  6:21  Overlord x2  
  50  6:44  Drone x2  
  45  6:59  Drone x3  
  48  7:04  Drone x4  
  48  7:06  Drone  
  48  7:07  Drone x2  
  55  7:09  Hatchery, Queen  
  56  7:19  Drone  
  56  7:21  Extractor  
  56  7:25  Drone x3  
  58  7:30  Roach  
  58  7:31  Roach x3  
  58  7:36  Roach  
  68  7:41  Roach  
  70  7:47  Roach  
  71  7:51  Extractor  
  71  7:52  Roach  
  74  7:58  Roach  
  74  7:59  Overlord x2  
  74  8:03  Overlord x2  
  73  8:14  Roach  
  73  8:15  Overlord  
Tags
 
Add a new tag
Caveats
  • Supply blocks, unpowered buildings, or Contaminate may cause inaccurate times.
  • Supply counts are checked every 10 seconds.